 Dungeon Crawl Stone Soup version 0.29.1-2-gbd0b4ee654 (webtiles) character file.

Game seed: 48138255522802801

151 xian the Trooper (level 5, 0/42 HPs)
             Began as a Demonspawn Abyssal Knight on Nov 12, 2022.
             Was a Believer of Lugonu.
             Slain by a hound (3 damage)
             ... on level 5 of the Dungeon.
             The game lasted 00:06:52 (4693 turns).

xian the Trooper (Demonspawn Abyssal Knight)        Turns: 4693, Time: 00:06:53

Health: 0/42       AC: 12    Str: 15    XL:     5   Next: 11%
Magic:  7/7        EV: 12    Int: 12    God:    Lugonu [**....]
Gold:   152        SH:  0    Dex: 13    Spells: 4/4 levels left

rFire   . . .      SeeInvis .   a - +1 hand axe
rCold   . . .      Faith    .   (no shield)
rNeg    . . .      Spirit   .   o - +0 chain mail
rPois   .          Reflect  .   (no helmet)
rElec   .          Harm     .   (no cloak)
rCorr   .          Rampage  .   (no gloves)
Will    .....                   (no boots)
Stlth   ..........              (no amulet)
HPRegen 0.14/turn               t - +4 ring of protection
MPRegen 0.10/turn               w - +4 ring of evasion

@: about to teleport
A: sturdy frame 1
a: Renounce Religion, Depart the Abyss, Bend Space


You were on level 5 of the Dungeon.
You worshipped Lugonu.
Lugonu was pleased with you.
You visited 1 branch of the dungeon, and saw 5 of its levels.
You visited the Abyss 1 time.

You collected 152 gold pieces.

Inventory:

Hand Weapons
 a - a +1 hand axe (weapon)
Missiles
 g - 5 boomerangs (quivered)
 s - 2 throwing nets
Armour
 j - an orb of mayhem
 o - a +0 chain mail (worn)
Jewellery
 t - a +4 ring of protection (left hand)
 w - a +4 ring of evasion (right hand)
Scrolls
 b - a scroll of immolation {unknown}
 e - 4 scrolls of teleportation
 f - a scroll of noise {unknown}
 k - 2 scrolls of brand weapon {unknown}
 l - 3 scrolls of identify {unknown}
 p - a scroll of poison {unknown}
 r - a scroll of silence {unknown}
 v - a scroll of summoning {unknown}
Potions
 c - 3 potions of curing {unknown}
 d - 2 potions of mutation {unknown}
 h - 2 potions of degeneration {unknown}
 i - a potion of haste {unknown}
 m - 2 potions of might {unknown}
 n - a potion of lignification {unknown}
 q - a potion of cancellation {unknown}
 u - a potion of heal wounds {unknown}


   Skills:
 + Level 4.0 Fighting
 + Level 2.6 Axes
 + Level 1.3 Throwing
 + Level 2.3 Armour
 + Level 1.1 Dodging
 * Level 3.6 Invocations


You had 4 spell levels left.
You didn't know any spells.
Your spell library contained the following spells:

 Spells                   Type           Power      Damage    Failure   Level
 Apportation              Tloc           0%         N/A       97%         1
 Necrotise                Necr           0%         1d4       97%         1
 Summon Small Mammal      Summ           0%         N/A       97%         1
 Sublimation of Blood     Necr           0%         N/A       99%         2
 Dazzling Flash           Conj/Hex       0%         N/A       100%        3
 Iskenderun's Mystic Bla  Conj/Tloc      0%         2d3       100%        4
 Petrify                  Tmut/Erth      0%         N/A       100%        4
 Irradiate                Conj/Tmut      0%         3d11      100%        5
 Starburst                Conj/Fire      0%         6d3       100%        6


Dungeon Overview and Level Annotations

Branches:
Dungeon (5/15)
 Temple: D:4-7

Altars:
Makhleb

Shops:
D:5 !


Innate Abilities, Weirdness & Mutations

Your movements are slightly less encumbered by armour. (ER -2)


Message History

Okay, then.
Okay, then.
Okay, then.
As you read the scroll of teleportation, it crumbles to dust.
You feel strangely unstable.
The scorpion stings you but does no damage.
The white imp gestures at you. The puff of frost hits you.
The hound barely misses you.
Unknown command.
You hit the scorpion.
The scorpion is lightly wounded.
You hit the white imp. You closely miss the hound.
The scorpion stings you but does no damage.
The hound closely misses you.
The white imp hits you but does no damage.
The scorpion stings you. The hound bites you but does no damage.
You hit the scorpion but do no damage.
The scorpion is lightly wounded.
You hit the white imp but do no damage. You barely miss the hound.
The white imp hits you but does no damage.
The hound bites you.
* * * LOW HITPOINT WARNING * * *
The scorpion completely misses you. The hound closely misses you.
The white imp hits you.
* * * LOW HITPOINT WARNING * * *
The white imp freezes you.
* * * LOW HITPOINT WARNING * * *
You stop ascending the stairs.
Your surroundings seem slightly different.
A hound comes into view.
The hound barks!
The scorpion attacks as you move away! The scorpion barely misses you.
The hound barely misses you. The scorpion attacks as you move away!
The scorpion misses you. The hound barely misses you.
The hound attacks as you move away! The hound closely misses you.
Okay, then.
As you read the scroll of teleportation, it crumbles to dust.
You feel strangely unstable. The hound bites you.
You die...

############
#..........#
#..........# ##.
#..........#....
#...............
#......h@...#
#......hs...#
#.......5...#
#...:.......#
#...8...>...#
#..........##
#.....∩..?.#
##.......###
#..<...8#


You could see a scorpion, 2 hounds and a white imp.

Vanquished Creatures
  A hound (D:4)
  An iguana (D:3)
  3 gnolls (D:3)
  A worm (D:2)
  A dart slug (D:1)
  2 orcs (D:3)
  4 bats
  3 endoplasms
  11 goblins
  6 hobgoblins
  2 jackals (D:4)
  2 quokkas
  8 ball pythons
  8 kobolds
  3 rats
56 creatures vanquished.

Notes
Turn   | Place    | Note
-------+----------+-------------------------------------------
     0 | Abyss:1  | xian the Demonspawn Abyssal Knight began the quest for the
                  | Orb.
     0 | Abyss:1  | Reached XP level 1. HP: 18/18 MP: 2/2
    11 | Abyss:1  | Found a corrupted altar of Lugonu.
    82 | Abyss:1  | Noticed a harpy skeleton
   143 | Abyss:2  | Noticed a small abomination
   144 | D:1      | Escaped the Abyss
   144 | D:1      | Noticed a naga
   144 | D:1      | Noticed a gargoyle
   165 | D:1      | Noticed a human
   167 | D:1      | Noticed a felid
   168 | D:1      | Noticed a vampire
   268 | D:1      | Noticed an elf
   270 | D:1      | Noticed a ghoul
   270 | D:1      | Noticed a formicid
   272 | D:1      | Noticed a tengu
   272 | D:1      | Noticed a demonspawn
   275 | D:1      | Noticed an ogre
   277 | D:1      | Noticed a formicid
   279 | D:1      | Noticed a gargoyle
   943 | D:1      | Gained mutation: Your movements are slightly less
                  | encumbered by armour. (ER -2) [demonic ancestry]
   943 | D:1      | Reached XP level 2. HP: 6/24 MP: 4/4
  1525 | D:1      | Reached ** piety under Lugonu
  2054 | D:2      | Found a faded altar of an unknown god.
  2253 | D:2      | Reached XP level 3. HP: 22/29 MP: 5/5
  2422 | D:2      | Reached skill level 1 in Dodging
  3530 | D:3      | Reached skill level 1 in Throwing
  3538 | D:3      | Reached XP level 4. HP: 12/35 MP: 6/6
  3930 | D:3      | Reached skill level 4 in Fighting
  4301 | D:3      | Found a burning altar of Makhleb.
  4385 | D:4      | Reached XP level 5. HP: 10/42 MP: 7/7
  4674 | D:4      | Noticed an ogre
  4679 | D:5      | Entered Level 5 of the Dungeon
  4679 | D:5      | Found Huppyetwyde's Distillery.
  4687 | D:5      | HP: 2/42 [white imp (5)]
  4693 | D:5      | Slain by a hound

Illustrated notes

Levels and vault maps discovered:
D:1:      shiori_arrival_whats_in_store_for_you, layout_basic,
          serial_bayou_pond_e, minmay_misc_feat_enclosed,
          minmay_tree_intersection
D:2:      kennysheep_the_goblin_king, layout_basic,
          hellmonk_ecumenical_altar_lost_god,
          nicolae_concentric_dashed_squares_mild
D:3:      layout_loops_ring, lightli_temple_of_fire
D:4:      layout_basic
D:5:      layout_rooms, marbit_many_paths, serial_shops,
          nicolae_shop_advertising_works [nicolae_subvault_shop_adworks],
          nicolae_stop_n_shop_1, kennysheep_mini_moat, uniq_blork_the_orc,
          uniq_menkaure

Skill      XL: |  1  2  3  4 |
---------------+-------------+-----
Invocations    | 3 |  3.6
Axes           | 2 |  2.6
Dodging        | 1 |  1.1
Throwing       | 1 |  1.3
Armour         | 2 |  2.3
Fighting       | 4 |  4.0

Action                   |  1- 3 |  4- 6 || total
-------------------------+-------+-------++-------
Melee: Hand axe          |   135 |    61 ||   196
       Punch             |       |     1 ||     1
Throw: Boomerang         |    30 |    10 ||    40
Invok: Depart the Abyss  |     1 |       ||     1
  Use: Scroll            |       |     3 ||     3
Armor: Leather armour    |    16 |       ||    16
       Chain mail        |    57 |    43 ||   100
Dodge: Dodged            |    84 |    36 ||   120
